 Dungeon Crawl Stone Soup version 0.22-a0-815-gb582571 (webtiles) character file.

2914 Amnesiac the Geomancer (level 9, -12/62 HPs)
             Began as a Mummy Earth Elementalist on July 23, 2018.
             Was a Follower of Vehumet.
             Mangled by an orc warrior (18 damage)
             ... in a bailey.
             The game lasted 00:16:01 (6053 turns).

Amnesiac the Geomancer (Mummy Earth Elementalist)   Turns: 6053, Time: 00:16:02

Health: -12/62     AC:  6    Str: 11    XL:     9   Next: 50%
Magic:  3/21       EV: 12    Int: 27    God:    Vehumet [*.....]
Gold:   400        SH:  4    Dex:  8    Spells: 9/24 levels left

rFire    x . .     SeeInvis .   a - +1 whip (elec)
rCold    + . .     Gourm    .   j - +0 buckler
rNeg     + + +     Faith    .   n - +1 robe of Absence {Int+5 Dex-5}
rPois    ∞         Spirit   .   (no helmet)
rElec    .         Reflect  .   (no cloak)
rCorr    .         Harm     .   (no gloves)
MR       +....                  (no boots)
Stlth    +.........             (no amulet)
HPRegen  0.20/turn              m - +5 ring of intelligence
MPRegen  0.17/turn              l - +3 ring of protection

@: about to teleport
A: no food or potions, fire vulnerability, cold resistance 1, negative energy
resistance 3, torment resistance, unbreathing
a: Renounce Religion


You were in a bailey.
You worshipped Vehumet.
Vehumet was aware of your devotion.
You were not hungry.

You visited 2 branches of the dungeon, and saw 8 of its levels.
You also visited: Bailey.

You collected 400 gold pieces.

Inventory:

Hand Weapons
 a - a +1 whip of electrocution (weapon)
Missiles
 b - 114 stones (quivered)
Armour
 j - a +0 buckler (worn)
 n - the +1 robe of Absence (worn) {Int+5 Dex-5}
   (You found it on level 4 of the Dungeon)

   It affects your intelligence (+5).
   It affects your dexterity (-5).
Jewellery
 g - an uncursed ring of teleportation
 l - a +3 ring of protection (right hand)
 m - a +5 ring of intelligence (left hand)
Wands
 k - a wand of flame (30)
 o - a wand of scattershot (7)
Scrolls
 c - 3 scrolls of teleportation {!r}
 d - 2 scrolls of identify {!r}
 e - 4 scrolls of amnesia {!r}
 f - 4 scrolls of remove curse {!r}
 h - 2 scrolls of noise {!r}
 i - 2 scrolls of magic mapping {!r}


   Skills:
 + Level 2.3 Fighting
 + Level 3.3 Dodging
 - Level 1.5 Stealth
 - Level 4.0 Shields
 + Level 8.2 Spellcasting
 - Level 0.7 Transmutations
 * Level 8.2 Earth Magic


You had 9 spell levels left.
You knew the following spells:

 Your Spells              Type           Power        Failure   Level  Hunger
a - Sandblast             Erth           ######       1%          1    N/A
b - Passwall              Tmut/Erth      #####...     1%          2    N/A
c - Stone Arrow           Conj/Erth      ####..       2%          3    N/A
d - Lee's Rapid Deconstr  Erth           ######....   4%          5    N/A
e - Petrify               Tmut/Erth      #####...     9%          4    N/A

Your spell library contained the following spells:

 Spells                   Type           Power        Failure   Level  Hunger


Dungeon Overview and Level Annotations

Branches:
Dungeon (7/15)             Temple (1/1) D:6

Altars:
Ashenzari
Cheibriados
Dithmenos
Elyvilon
Fedhas
Hepliaklqana
Kikubaaqudgha
Makhleb
Nemelex Xobeh
Okawaru
Qazlal
Ru
Sif Muna
Trog
Uskayaw
Vehumet
Wu Jian
Xom
Yredelemnul
Zin
The Shining One


Innate Abilities, Weirdness & Mutations

You do not eat or drink.
Your flesh is vulnerable to fire.
You are immune to poison.
Your flesh is cold resistant. (rC+)
You are immune to negative energy. (rN+++)
You are immune to unholy pain and torment.
You can survive without breathing.


Message History

Lightning courses through the orc knight!
The orc knight is lightly wounded.
The helpless orc knight fails to defend itself.
You hit the orc knight but do no damage.
Lightning courses through the orc knight!
The orc knight is lightly wounded.
The orc warrior shouts!
The helpless orc knight fails to defend itself.
You hit the orc knight but do no damage.
The orc knight is lightly wounded.
The helpless orc knight fails to defend itself.
You hit the orc knight but do no damage.
The orc knight is lightly wounded.
Evoke which item? (* to show all) (? for menu, Esc to quit)
Okay, then.
The helpless orc knight fails to defend itself.
You hit the orc knight but do no damage.
The orc knight is lightly wounded.
Okay, then.
Really read
c - 5 scrolls of teleportation {!r}?
Okay, then.
Unknown command.
Really read
c - 5 scrolls of teleportation {!r}?
As you read the scroll of teleportation {!r}, it crumbles to dust.
You feel strangely unstable.
The orc warrior shouts!
The orc shouts!
Your surroundings suddenly seem different.
An orc and 2 orc warriors come into view.
The orc warrior shouts!
The orc shouts!
The orc warrior shouts!
The orc closely misses you.
The orc warrior unwields an uncursed arbalest.
The orc warrior hits you but does no damage.
The orc misses you.
You see here a wand of scattershot (7).
o - a wand of scattershot (7)
The orc warrior shoots a bolt.
The bolt completely misses you.
The bolt barely misses the orc warrior.
You block the orc warrior's attack. You block the orc's attack.
Press: ? - help, v - describe, . - travel, g - get item
Here: an orc warrior, wearing a chain mail A bolt.
There is something else lying underneath.
The floor.
Unknown command.
The orc warrior wields an uncursed arbalest.
The orc warrior shoots a bolt.
The bolt hits you!
* * * LOW HITPOINT WARNING * * *
The orc hits you with a halberd.
* * * LOW HITPOINT WARNING * * *
You see here a bolt.
Casting: Petrify (safe; 9% risk of failure)
Confirm with . or Enter, or press ? or * to list all spells.
You don't have enough magic to cast that spell.
Evoke which item? (* to show all) (? for menu, Esc to quit)
Okay, then.
Really read
c - 4 scrolls of teleportation {!r}?
As you read the scroll of teleportation {!r}, it crumbles to dust.
You feel strangely unstable.
The orc warrior shoots a bolt.
The bolt hits you!!
* * * LOW HITPOINT WARNING * * *
The orc closely misses you.
The orc warrior unwields an uncursed arbalest.
The orc warrior hits you!!
You die...

### ### ##.##
# ##∩## #o..#
... #.∩.#
#...#
≈≈≈..#.o.#..
#(@.#
≈≈o≈≈.....).≈
#oo.+
≈.oo≈.......≈
#%..#
≈≈o≈≈.......≈
#...#
.≈≈≈..#...#..
#?..#
.....##...##.
##.## #####
##∩## # ###
###


You could see 2 orc warriors and an orc.

Vanquished Creatures
  Pikel (D:4)
  A troll (D:7)
  Grinder (D:6)
  A hippogriff (D:7)
  The ghost of EnegeticOcto the Chopper, an amateur DDFi (D:5)
  A water moccasin (D:6)
  A sky beast (D:4)
  4 slaves
  A necrophage (D:6)
  3 ogres
  A centaur (D:6)
  A big kobold (D:6)
  A bullfrog (D:6)
  3 scorpions
  A howler monkey (D:4)
  3 crimson imps
  2 bullfrog skeletons
  5 hounds
  An iguana (D:4)
  3 centaur skeletons
  3 worker ants
  2 hound zombies
  A hound skeleton (D:7)
  A worker ant zombie (D:5)
  A howler monkey zombie (D:6)
  11 adders
  3 worms
  2 adder skeletons
  3 dart slugs
  5 leopard geckos
  4 orcs
  6 giant cockroaches
  12 goblins
  6 hobgoblins
  9 jackals
  9 kobolds
  5 quokkas
  A ball python (D:6)
  6 bats
  7 frilled lizards
  2 quokka skeletons (D:5)
  8 rats
143 creatures vanquished.

Notes
Turn   | Place    | Note
-------+----------+-------------------------------------------
     0 | D:1      | Amnesiac the Mummy Earth Elementalist began the quest for the Orb.
     0 | D:1      | Reached XP level 1. HP: 13/13 MP: 4/4
   130 | D:1      | Reached XP level 2. HP: 19/19 MP: 1/5
   164 | D:1      | Learned a level 2 spell: Passwall
   399 | D:2      | Reached XP level 3. HP: 23/24 MP: 7/7
   404 | D:2      | Learned a level 3 spell: Stone Arrow
   846 | D:2      | Noticed a scorpion
   902 | D:3      | Reached XP level 4. HP: 30/30 MP: 5/9
   924 | D:3      | Learned a level 4 spell: Petrify
  1193 | D:5      | Entered Level 5 of the Dungeon
  1264 | D:5      | Reached XP level 5. HP: 35/35 MP: 7/11
  1335 | D:4      | Noticed Pikel
  1335 | D:4      | Noticed a slave
  1336 | D:4      | Noticed a slave
  1336 | D:4      | Noticed a slave
  1337 | D:4      | Noticed a slave
  1560 | D:5      | Reached XP level 6. HP: 32/41 MP: 9/12
  1640 | D:5      | Found a transporter.
  1641 | D:5      | Noticed EnegeticOcto's ghost (amateur DDFi)
  1691 | D:5      | Reached skill level 1 in Shields
  1806 | D:5      | Reached skill level 5 in Spellcasting
  1806 | D:5      | Reached skill level 5 in Earth Magic
  1814 | D:5      | Learned a level 5 spell: Lee's Rapid Deconstruction
  1881 | D:4      | Noticed a sky beast
  1890 | D:4      | Killed a sky beast
  1890 | D:4      | Reached XP level 7. HP: 46/46 MP: 6/14
  2123 | D:4      | Got a heavy robe
  2141 | D:4      | Identified the +1 robe of Absence {Int+5 Dex-5} (You found it on level 4 of the Dungeon)
  2690 | D:4      | HP: 2/46 [Pikel/whip of electrocution (9)]
  3135 | D:4      | Killed Pikel
  3135 | D:4      | Reached XP level 8. HP: 52/52 MP: 0/17
  3597 | D:5      | Found a transporter.
  3608 | D:5      | Killed EnegeticOcto's ghost
  3707 | D:6      | Noticed Grinder
  3790 | D:6      | Found a staircase to the Ecumenical Temple.
  3805 | Temple   | Entered the Ecumenical Temple
  3843 | Temple   | Became a worshipper of Vehumet
  5326 | D:6      | Reached XP level 9. HP: 22/57 MP: 17/20
  5607 | D:6      | Reached * piety under Vehumet
  5607 | D:6      | Offered knowledge of Flame Tongue by Vehumet.
  5733 | D:6      | Paralysed by Grinder for 6 turns
  5753 | D:6      | Killed Grinder
  5753 | D:6      | Reached skill level 1 in Fighting
  5964 | D:7      | Noticed a troll
  5966 | D:7      | Killed a troll
  5994 | D:7      | Found a flagged portal.
  6026 | Bailey   | Entered a bailey
  6026 | Bailey   | Noticed an orc knight
  6031 | Bailey   | Noticed an orc knight
  6053 | Bailey   | Mangled by an orc warrior

Vault maps used:
D:1:      minmay_arrival_arboretum_small
D:4:      uniq_pikel
D:5:      gammafunk_ghost_smash, first_ration
D:6:      minmay_temple_entry_overgrown, uniq_grinder
D:7:      enter_bailey_3, uniq_menkaure
Temple:   dpeg_three_leaves_temple
Bailey:   bailey_polearm_4, bailey

Skill      XL: |  1  2  3  4  5  6  7  8  9 |
---------------+----------------------------+-----
Spellcasting   | 3 4 5 6 7 8 |  8.2
Earth Magic    | 3 4 5 6 7 8 |  8.2
Dodging        | 2 3 |  3.3
Shields        | 1 2 4 |  4.0
Fighting       | 2 |  2.3
Stealth        | |  1.5
Transmutations | |  0.7

Action                   |  1- 3 |  4- 6 |  7- 9 || total
-------------------------+-------+-------+-------++-------
Melee: Unarmed           |     4 |       |       ||     4
       Dagger            |    49 |    30 |       ||    79
       Whip              |       |    18 |   244 ||   262
 Cast: Sandblast         |    40 |    58 |    58 ||   156
       Passwall          |       |     2 |     1 ||     3
       Lee's Rapid Decon |       |       |    21 ||    21
       Petrify           |       |       |     5 ||     5
  Use: Scroll            |       |       |    13 ||    13
 Stab: Sleeping          |     1 |       |     1 ||     2
       Distracted        |       |     1 |       ||     1
       Petrified         |       |       |     6 ||     6
Armor: Robe              |    12 |    12 |    92 ||   116
Dodge: Dodged            |    44 |    48 |   175 ||   267
Block: Buckler           |       |     2 |    60 ||    62

Table legend:
 A = Spawn XP
 B = Non-spawn XP
 C = Spawn XP percentage of total XP
 D = Spawn monster count
 E = Non-spawn monster count
 F = Spawn count percentage of total count
 G = Total turns spent on level
                    A         B        C        D         E        F      G
               +---------+---------+-------+---------+---------+-------+---------
         Total |       0 |    4164 |   0.0 |       0 |     139 |   0.0 |  6053
               +---------+---------+-------+---------+---------+-------+---------
           D:1 |       0 |      42 |   0.0 |       0 |      25 |   0.0 |   538
           D:2 |       0 |     154 |   0.0 |       0 |      20 |   0.0 |  1114
           D:3 |       0 |      75 |   0.0 |       0 |      18 |   0.0 |  1115
           D:4 |       0 |    1085 |   0.0 |       0 |      15 |   0.0 |   935
           D:5 |       0 |     871 |   0.0 |       0 |      24 |   0.0 |  1176
           D:6 |       0 |    1198 |   0.0 |       0 |      23 |   0.0 |   946
           D:7 |       0 |     736 |   0.0 |       0 |      13 |   0.0 |   155
        Bailey |       0 |       3 |   0.0 |       0 |       1 |   0.0 |    27
               +---------+---------+-------+---------+---------+-------+---------
